 Dungeon Crawl Stone Soup version 0.27-a0-346-ga689d4a613 (webtiles) character file.

Game seed: 2803327146495723179

30 jestyr24 the Digger (level 3, -3/20 HPs)
             Began as a Gargoyle Earth Elementalist on Feb 15, 2021.
             Slain by Crazy Yiuf
             ... wielding a +4 quarterstaff of chaos
              (4 damage)
             ... on level 2 of the Dungeon.
             The game lasted 00:05:19 (1291 turns).

jestyr24 the Digger (Gargoyle Earth Elementalist)   Turns: 1291, Time: 00:05:20

Health: -3/20      AC:  5    Str: 11    XL:     3   Next: 18%
Magic:  4/6        EV: 12    Int: 16    God:
Gold:   98         SH:  0    Dex: 16    Spells: 6/7 levels left

rFire    . . .     SeeInvis .   a - +0 mace
rCold    . . .     Faith    .   (no shield)
rNeg     + . .     Spirit   .   c - +0 robe
rPois    ∞         Reflect  .   (no helmet)
rElec    +         Harm     .   (no cloak)
rCorr    .         Rampage  .   (no gloves)
Will     .....                  (no boots)
Stlth    ++........             (no amulet)
HPRegen  0.06/turn              g - +6 ring of dexterity
MPRegen  0.10/turn              (no ring)

@: very slightly contaminated
A: negative energy resistance 1, electricity resistance, unbreathing,
petrification resistance, miasma immunity, AC +3
a: no special abilities


You were on level 2 of the Dungeon.
You visited 1 branch of the dungeon, and saw 2 of its levels.

You collected 98 gold pieces.

Inventory:

Hand Weapons
 a - a +0 mace (weapon)
Missiles
 b - 82 stones
 h - 26 sling bullets
Armour
 c - a +0 robe (worn)
 l - a +0 ring mail
Jewellery
 g - a +6 ring of dexterity (left hand)
Wands
 k - a wand of digging (6)
Scrolls
 d - a scroll of enchant armour {unknown}
 e - a scroll of amnesia {unknown}
 j - a scroll of identify {unknown}
 m - a scroll of fear {unknown}
 n - a scroll of fog {unknown}
 o - a scroll of teleportation {unknown}
Potions
 f - a potion of heal wounds {unknown}
 i - 2 potions of mutation {unknown}


   Skills:
 * Level 0.5 Fighting
 + Level 1.7 Dodging
 + Level 2.2 Stealth
 + Level 2.5 Spellcasting
 + Level 0.7 Transmutations
 + Level 4.3 Earth Magic


You had 6 spell levels left.
You knew the following spells:

 Your Spells              Type           Power        Failure   Level
a - Sandblast             Erth           30%          3%          1

Your spell library contained the following spells:

 Spells                   Type           Power        Failure   Level
 Passwall                 Tmut/Erth      8%           11%         2
 Stone Arrow              Conj/Erth      16%          24%         3
 Petrify                  Tmut/Erth      10%          56%         4
 Lee's Rapid Deconstruct  Erth           7%           67%         5


Dungeon Overview and Level Annotations

Branches:
Dungeon (2/15)

Altars:
Vehumet

Annotations:
D:2 Crazy Yiuf


Innate Abilities, Weirdness & Mutations

You are resistant to torment.
Your stone body is resilient. (AC +3)
You are immune to poison.
You resist negative energy. (rN+)
You are resistant to electric shocks. (rElec)
You can survive without breathing.
You are immune to petrification.
You are immune to miasma.


Message History

Confirm with . or Enter, or press ? or * to list all spells.
Aiming: Sandblast (safe; 3% risk of failure)
Press: ? - help, Shift-Dir - straight line, f - jackal
Aim: a jackal (26% to evade)
The blast of sand hits the jackal.
You kill the jackal!
You start resting.
Magic restored.
b - 83 stones (gained 19)
Found a stone staircase leading up.
Found a stone staircase leading down.
Found a mace.
Found three maces.
You see here a mace.
Found a mace.
Found a runed translucent door.
Crazy Yiuf shouts!
Crazy Yiuf says, "Snurf leg ladder!"
You open the door.
Casting: Sandblast (safe; 3% risk of failure)
Confirm with . or Enter, or press ? or * to list all spells.
Aiming: Sandblast (safe; 3% risk of failure)
Press: ? - help, Shift-Dir - straight line, f - Crazy Yiuf
Aim: Crazy Yiuf, wielding a +4 quarterstaff of chaos and wearing a +0 cloak (18% to evade)
The blast of sand hits Crazy Yiuf.
Crazy Yiuf is lightly wounded.
Crazy Yiuf hits you with a +4 quarterstaff of chaos!
Ouch! That really hurt!
Crazy Yiuf freezes you.
Casting: Sandblast (safe; 3% risk of failure)
Confirm with . or Enter, or press ? or * to list all spells.
Aiming: Sandblast (safe; 3% risk of failure)
Press: ? - help, Shift-Dir - straight line, f/p - Crazy Yiuf
Aim: Crazy Yiuf, wielding a +4 quarterstaff of chaos and wearing a +0 cloak (lightly wounded, 18% to evade)
You miscast Sandblast.
You are very lightly contaminated with residual magic.
Nothing appears to happen.
Crazy Yiuf hits you with a +4 quarterstaff of chaos!
* * * LOW HITPOINT WARNING * * *
Crazy Yiuf burns you.
You die...

##### #..)#
#...# ...
##### #g#
########....
##@#
#...........
#.##
#####.###+##
##.# #.# #.#
#.##
#.###.##
##.##
#.###_..
#...##
#.###.##
#....# #.#
#.# #))).#
#####.###'##
##)...#
#........†..


You could see Crazy Yiuf.

Vanquished Creatures
  An adder (D:2)
  A worm (D:2)
  A ball python (D:2)
  A goblin (D:1)
  2 hobgoblins (D:1)
  4 jackals (D:2)
  2 kobolds (D:1)
  4 rats
16 creatures vanquished.

Notes
Turn   | Place    | Note
-------+----------+-------------------------------------------
     0 | D:1      | jestyr24 the Gargoyle Earth Elementalist began the quest
                  | for the Orb.
     0 | D:1      | Reached XP level 1. HP: 10/10 MP: 3/3
   443 | D:1      | Reached XP level 2. HP: 15/15 MP: 3/5
   924 | D:2      | Found a radiant altar of Vehumet.
   986 | D:2      | Reached skill level 4 in Earth Magic
  1141 | D:2      | Reached XP level 3. HP: 20/20 MP: 4/6
  1285 | D:2      | Found a runed translucent door.
  1286 | D:2      | Noticed Crazy Yiuf
  1291 | D:2      | HP: 1/20 [Crazy Yiuf/+4 quarterstaff of chaos (7)]
  1291 | D:2      | Slain by Crazy Yiuf

Illustrated notes

Levels and vault maps discovered:
D:1:      eino_arrival_cavern_d, layout_basic
D:2:      layout_basic, lemuel_doored_altar, minmay_tall_x,
          uniq_crazy_yiuf_cottage, uniq_terence

Skill      XL: |  1  2 |
---------------+-------+-----
Earth Magic    | 4 |  4.3
Fighting       | |  0.5
Dodging        | |  1.7
Stealth        | |  2.2
Spellcasting   | |  2.5
Transmutations | |  0.7

Action                   || total
-------------------------++-------
Melee: Mace              ||     3
 Cast: Sandblast         ||    24
Armor: Robe              ||     1
Dodge: Dodged            ||     7

Table legend: (Time is in decaauts)
 A = Elapsed time spent in this place.
 B = Non-inter-level travel time spent in this place.
 C = Inter-level travel time spent in this place.
 D = Time resting spent in this place.
 E = Time spent auto-exploring this place.
 F = Levels seen in this place.
 G = Mean time per level.
                   A        B        C        D        E       F      G
               +--------+--------+--------+--------+--------+-----+--------+
         Total |   1291 |   1249 |     42 |    150 |    928 |   2 |  645.5 |
       Dungeon |   1291 |   1249 |     42 |    150 |    928 |   2 |  645.5 |
               +--------+--------+--------+--------+--------+-----+--------+

Top non-repeatable levels by time:
     D:1: 911 daAuts
     D:2: 379 daAuts
